 Dungeon Crawl Stone Soup version 0.18.1-50-g88ac8fd (webtiles) character file.

499 Nedvokis the Magician (level 6, -2/32 HPs)
             Began as a Deep Elf Fire Elementalist on Oct 17, 2016.
             Slain by Dowan
             ... wielding a +2 dagger of speed
              (3 damage)
             ... on level 5 of the Dungeon.
             The game lasted 00:23:42 (4706 turns).

Nedvokis the Magician (Deep Elf Fire Elementalist)  Turns: 4706, Time: 00:23:43

Health: -2/32      AC:  8    Str:  5    XL:     6   Next: 94%
Magic:  17/17      EV:  9    Int: 21    God:
Gold:   219        SH:  0    Dex: 16    Spells: 2 memorised, 14 levels left

rFire  . . .     SeeInvis .     j - +2 dagger (elec)
rCold  . . .     Gourm    .     a - +0 robe
rNeg   . . .     Faith    .     (no shield)
rPois  .         Spirit   .     t - +0 helmet
rElec  .         Dismiss  .     q - +0 cloak
rCorr  .         Reflect  .     f - +0 pair of gloves
SustAt .         Harm     .     B - +2 pair of boots
MR     .....                    (no amulet)
Stlth  +++.......               (no ring)
                                (no ring)

@: not resistant to hostile enchantments, fairly stealthy
A: no striking features
a: no special abilities


You were on level 5 of the Dungeon.
You were not hungry.

You visited 1 branch of the dungeon, and saw 6 of its levels.

You collected 219 gold pieces.

Inventory:

Hand Weapons
 j - a +2 dagger of electrocution (weapon)
 s - a cursed -1 dagger
Armour
 a - a +0 robe (worn)
 f - a +0 pair of gloves (worn)
 q - a +0 cloak (worn)
 t - a +0 helmet (worn)
 B - a +2 pair of boots (worn)
Jewellery
 h - a +3 ring of slaying
 m - a +3 ring of dexterity
 n - an uncursed ring of protection from fire
Wands
 y - a wand of disintegration (6/24)
Scrolls
 e - a scroll of teleportation {unknown}
 i - 3 scrolls of remove curse
 k - a scroll of blinking {unknown}
 p - 4 scrolls of enchant weapon {unknown}
 u - a scroll of fog {unknown}
 A - a scroll of noise {unknown}
 C - a scroll of magic mapping {unknown}
Potions
 d - a potion of brilliance {unknown}
 o - 2 potions of flight
 r - 3 potions of degeneration {unknown}
 v - a potion of cancellation {unknown}
 w - a potion of resistance {unknown}
 x - 2 potions of agility {unknown}
Books
 b - a book of Flames

   Spells                             Type                      Level
   a - Flame Tongue                   Conjuration/Fire             1
   b - Throw Flame                    Conjuration/Fire             2
   c - Conjure Flame                  Conjuration/Fire             3
   d - Inner Flame                    Hexes/Fire                   3
   e - Sticky Flame                   Conjuration/Fire             4
   f - Fireball                       Conjuration/Fire             5
Comestibles
 c - 3 bread rations
 g - 4 chunks of flesh
 l - 4 fruits


   Skills:
 + Level 1.7 Short Blades
 + Level 4.5 Dodging
 + Level 3.7 Stealth
 + Level 6.5 Spellcasting
 - Level 1.1 Conjurations
 * Level 5.2 Fire Magic


You had 14 spell levels left.
You knew the following spells:

 Your Spells              Type           Power        Failure   Level  Hunger
a - Flame Tongue          Conj/Fire      ###..        2%          1    None
b - Conjure Flame         Conj/Fire      ###.....     10%         3    #......


Dungeon Overview and Level Annotations

Branches:
Dungeon (6/15)
 Temple: D:4-7

Altars:
Nemelex Xobeh
Ru
Xom
The Shining One

Annotations:
D:5 Dowan, Duvessa


Message History

Duvessa closely misses you. Dowan hits you with a dagger of speed.
You hit Dowan.
Dowan is almost dead.
Dowan gestures at Duvessa while chanting.
Duvessa seems to speed up.
Duvessa hits you with a rapier.
You hit Dowan.
Dowan is almost dead.
Duvessa hits you but does no damage. Dowan hits you but does no damage.
You hit Dowan but do no damage.
Dowan is almost dead.
Duvessa hits you with a rapier.
* * * LOW HITPOINT WARNING * * *
Dowan says, "My weaknesses are her strengths!"
Dowan hits you with a dagger of speed.
* * * LOW HITPOINT WARNING * * *
Duvessa hits you with a rapier.
* * * LOW HITPOINT WARNING * * *
Dowan hits you but does no damage. Duvessa barely misses you.
Dowan hits you with a dagger of speed.
You die...

#. ..# #....#.# ...
##.#.##..e...##
#..# .#.#.#. ..
#..## ...#...#..#.
#.#.### #..#......
#.Ze.## #.......##
###.#.# #.......#.#
#Z##. #ee....##
#.... ##@#....#
####. #.##...#
###.. #.###..####
#.e..
#.........####.##.
#....e....##.....#
#.........##.....#
#.#######>ยง......#
#.# #..######## #.(
....##


You could see Duvessa and Dowan.

Vanquished Creatures
  2 ogres
  A hound (D:4)
  An orc wizard (D:3)
  A centaur skeleton (D:5)
  2 worker ants (D:4)
  A hound skeleton (D:4)
  9 adders
  A dart slug (D:3)
  3 worms
  2 giant geckos (D:2)
  7 orcs
  9 bats
  5 giant cockroaches
  6 goblins
  11 hobgoblins
  10 jackals
  3 quokkas
  2 ball pythons
  8 giant newts
  4 kobolds
  11 rats
99 creatures vanquished.

Notes
Turn   | Place    | Note
--------------------------------------------------------------
     0 | D:1      | Nedvokis the Deep Elf Fire Elementalist began the quest for the Orb.
     0 | D:1      | Reached XP level 1. HP: 10/10 MP: 6/6
   327 | D:1      | Reached XP level 2. HP: 15/15 MP: 5/8
   600 | D:1      | Reached skill level 4 in Spellcasting
   720 | D:1      | Reached XP level 3. HP: 19/19 MP: 6/10
  1202 | D:2      | Found a faded altar to an unknown god.
  1557 | D:2      | Reached XP level 4. HP: 16/24 MP: 7/12
  1835 | D:2      | Reached skill level 1 in Short Blades
  2198 | D:3      | Reached skill level 5 in Spellcasting
  2223 | D:3      | Reached XP level 5. HP: 20/28 MP: 4/14
  2428 | D:3      | Found a shimmering altar of Xom.
  2428 | D:3      | Found a glowing golden altar of the Shining One.
  2429 | D:3      | Found a sacrificial altar of Ru.
  2895 | D:4      | Found a sparkling altar of Nemelex Xobeh.
  2895 | D:4      | Noticed an ogre
  2905 | D:4      | Killed an ogre
  2905 | D:4      | Reached skill level 6 in Spellcasting
  2905 | D:4      | Reached XP level 6. HP: 32/32 MP: 10/17
  3395 | D:4      | Reached skill level 5 in Fire Magic
  3634 | D:5      | Entered Level 5 of the Dungeon
  3637 | D:5      | Noticed Dowan
  4018 | D:5      | Noticed Duvessa
  4410 | D:4      | HP: 1/32 [ogre/giant spiked club (11)]
  4586 | D:4      | Learned a level 3 spell: Conjure Flame
  4706 | D:5      | HP: 1/32 [Duvessa/rapier (4)]
  4706 | D:5      | Slain by Dowan

Skill      XL: |  1  2  3  4  5  6 |
---------------+-------------------+-----
Spellcasting   | 4 5 6 |  6.5
Fire Magic     | 4 5 |  5.2
Short Blades   | 1 |  1.7
Dodging        | 3 4 |  4.5
Stealth        | 3 |  3.7
Conjurations   | |  1.1

Action                   |  1- 3 |  4- 6 || total
-------------------------+-------+-------++-------
Melee: Dagger            |     9 |    76 ||    85
 Cast: Flame Tongue      |    70 |    75 ||   145
       Conjure Flame     |       |     1 ||     1
  Use: Scroll            |     3 |     5 ||     8
       Potion            |       |     1 ||     1
 Stab: Sleeping          |       |     3 ||     3
  Eat: Chunk             |     2 |     6 ||     8
       Bread ration      |       |     1 ||     1
Armor: Robe              |     8 |    37 ||    45
Dodge: Dodged            |    27 |    84 ||   111
